Map: Abiogenesis LE

Players

TYTY (TY) - Winner!

  • Race: Terran Terran
  • League: Master
  • Spawn Location: 11:00

Zanster

  • Race: Zerg Zerg
  • Spawn Location: 5:00

Event: Memes & Dreams Invitational

VOD

Have the link to the VOD?

Description

Time

  • Played on: April 13, 2018, 10:37 p.m.
  • Length: 8:46

All games in this series

Show
View Real Time Build Order
Export as new Build Order

TYTY Terran - Winner!

Build Orders: MMM Bio 

Get SALT Encoding   

  12  0:01  SCV  
  13  0:13  SCV  
  14  0:20  Supply Depot  
  14  0:25  SCV  
  15  0:41  SCV  
  15  0:42  Barracks  
  16  0:44  Refinery  
  16  0:53  SCV  
  17  1:01  Barracks  
  17  1:05  SCV  
  18  1:18  SCV  
  19  1:29  Reaper  
  19  1:30  Orbital Command  
  20  1:36  Barracks  
  20  1:47  Reaper  
  20  1:49  Supply Depot  
  21  1:54  Refinery  
  21  2:00  SCV  
  22  2:03  Reaper  
  23  2:09  Bunker  
  23  2:12  SCV  
  24  2:20  Reaper  
  25  2:27  SCV  
  26  2:33  Reaper  
  26  2:34  Supply Depot  
  27  2:40  SCV  
  28  2:45  Reaper  
  29  2:52  SCV  
  29  2:54  Reaper  
  31  3:05  Reaper  
  32  3:07  SCV  
  33  3:14  Command Center  
  32  3:22  Reaper  
  32  3:23  SCV  
  32  3:26  Reaper  
  34  3:35  SCV  
  34  3:41  Barracks Tech Lab  
  35  3:42  Supply Depot  
  35  3:45  Engineering Bay  
  35  3:47  SCV  
  36  3:57  Barracks Reactor  
  36  3:59  Barracks Reactor  
  36  4:00  Marine, SCV  
  38  4:03  Stimpack  
  38  4:11  Refinery  
  38  4:12  SCV  
  39  4:18  Factory  
  39  4:24  SCV  
  40  4:26  Orbital Command  
  40  4:34  Terran Infantry Weapons Level 1  
  40  4:35  Marine x2  
  40  4:36  Marine x2, SCV  
  45  4:38  Marine  
  46  4:48  SCV  
  46  4:51  SCV  
  48  4:54  Marine  
  48  4:55  Marine x2  
  48  4:57  Marauder  
  48  4:58  Marine  
  54  5:02  Supply Depot  
  54  5:07  Starport  
  54  5:08  Factory Reactor  
  54  5:11  SCV  
  54  5:13  SCV  
  56  5:15  Marine  
  56  5:16  Marine  
  56  5:18  Marine  
  56  5:21  Marine x2  
  60  5:25  SCV  
  62  5:28  Supply Depot  
  62  5:29  SCV  
  62  5:33  Marine  
  62  5:35  Marine  
  65  5:37  SCV  
  67  5:43  Marine x3  
  67  5:49  SCV  
  70  5:50  Factory Tech Lab  
  70  5:51  Medivac x2  
  74  5:57  Supply Depot  
  74  5:58  Supply Depot, SCV  
  74  6:01  SCV  
  74  6:04  Combat Shields  
  76  6:06  Marine  
  76  6:07  Marine  
  78  6:16  Supply Depot  
  78  6:18  Marine x3  
  78  6:19  Siege Tank  
  78  6:20  Medivac  
  78  6:24  Marine x2  
  88  6:38  Marine x2  
  89  6:40  SCV  
  89  6:41  SCV  
  89  6:46  Liberator  
  87  6:58  Marine x2  
  87  7:00  Siege Tank  
  82  7:07  Marine x3  
  86  7:09  SCV x2  
  86  7:11  Refinery  
  82  7:15  Command Center  
  82  7:16  Medivac  
  81  7:23  SCV x2  
  81  7:28  Marine  
  81  7:29  Marine x2  
  86  7:30  Barracks  
  86  7:31  Barracks  
  86  7:35  SCV x2  
  88  7:41  Siege Tank  
  88  7:43  Marine x2  
  93  7:46  Marine  
  93  7:47  SCV x2  
  93  7:48  Supply Depot  
  96  7:52  Medivac  
  98  7:59  SCV x2  
  98  8:03  Marine  
  98  8:04  Marine  
  102  8:09  Supply Depot, Marine x3  
  102  8:11  Supply Depot  
  102  8:12  Supply Depot  
  105  8:13  Siege Tank  
  108  8:21  Barracks Reactor x2  
  108  8:23  Marine  
  108  8:28  SCV  
Show
View Real Time Build Order
Export as new Build Order

Zanster Zerg 

Build Orders: Hatch First 

Get SALT Encoding   

  12  0:01  Drone  
  13  0:13  Overlord  
  13  0:16  Drone  
  14  0:32  Drone x2  
  16  0:36  Drone  
  17  0:53  Hatchery  
  17  0:56  Drone  
  17  1:00  Drone  
  18  1:10  Extractor  
  17  1:15  Spawning Pool  
  17  1:17  Drone  
  17  1:20  Drone  
  18  1:30  Drone  
  19  1:40  Drone  
  20  1:51  Overlord  
  20  2:02  Queen  
  20  2:05  Queen  
  20  2:06  Zergling x4  
  26  2:14  Zergling x2, Metabolic Boost  
  27  2:17  Zergling x2  
  27  2:22  Spine Crawler  
  27  2:24  Extractor  
  27  2:26  Zergling x2  
  26  2:32  Zergling x2  
  27  2:37  Zergling x4  
  30  2:44  Extractor  
  28  2:55  Zergling x2  
  28  2:56  Zergling x4  
  32  3:02  Overlord  
  32  3:04  Queen  
  34  3:10  Zergling x2  
  34  3:11  Zergling x2  
  35  3:23  Drone x4  
  38  3:32  Drone  
  38  3:33  Drone  
  40  3:39  Queen  
  40  3:40  Queen  
  41  3:43  Zergling x4  
  43  3:52  Overlord  
  43  3:59  Zergling x2  
  44  4:08  Hatchery  
  44  4:09  Drone  
  44  4:11  Drone x3  
  44  4:13  Drone  
  44  4:17  Drone x2  
  49  4:19  Drone  
  51  4:24  Overlord  
  51  4:28  Drone  
  52  4:34  Overlord  
  52  4:43  Zergling x8  
  56  4:46  Drone x3  
  56  4:52  Drone  
  60  4:55  Drone  
  60  4:56  Drone  
  62  5:00  Drone x3  
  62  5:06  Drone  
  66  5:13  Drone x2  
  67  5:17  Extractor  
  67  5:18  Drone, Evolution Chamber, Overlord  
  67  5:19  Drone  
  67  5:21  Drone, Evolution Chamber  
  67  5:23  Drone, Lair  
  67  5:28  Drone  
  69  5:30  Drone  
  69  5:32  Drone  
  71  5:41  Drone  
  71  5:42  Drone  
  72  5:46  Baneling Nest  
  72  5:47  Zerg Melee Weapons Level 1  
  71  5:50  Drone x7  
  71  5:54  Overlord  
  71  5:55  Zergling x2  
  79  5:58  Extractor  
  79  5:59  Extractor  
  79  6:03  Zergling x8  
  81  6:05  Zergling x2  
  81  6:10  Overlord  
  82  6:17  Zergling x16  
  90  6:29  Baneling x9  
  90  6:35  Hatchery  
  90  6:37  Zergling x2  
  90  6:38  Zergling x4  
  89  6:41  Overlord  
  89  6:45  Queen  
  89  6:47  Zergling x2  
  83  6:57  Zergling x2  
  83  6:58  Zergling x18  
  87  7:04  Evolution Chamber  
  87  7:06  Zergling x2  
  87  7:07  Zergling x12  
  86  7:15  Zergling x4  
  81  7:17  Centrifical Hooks  
  81  7:20  Zergling x2  
  81  7:21  Zergling x2  
  76  7:29  Drone x3  
  80  7:30  Drone  
  80  7:32  Hatchery  
  80  7:34  Baneling x2  
  79  7:38  Baneling x2  
  79  7:40  Drone  
  79  7:42  Drone  
  81  7:46  Zergling x2  
  81  7:47  Zergling x4  
  81  7:48  Baneling x2  
  82  7:51  Zergling x2  
  82  7:52  Zergling x2  
  84  7:59  Zergling x22  
  84  8:00  Zergling x2  
  84  8:05  Overlord  
  96  8:08  Queen x2  
  96  8:11  Zergling x6  
  96  8:20  Baneling  
  96  8:21  Baneling x7  
  82  8:42  Evolution Chamber  
Tags
 
Add a new tag
Caveats
  • Supply blocks, unpowered buildings, or Contaminate may cause inaccurate times.
  • Supply counts are checked every 10 seconds.